 Dungeon Crawl Stone Soup version 0.14-a0-848-g57a047c (webtiles) character file.

158 Inkie the Ruinous (level 3, -3/24 HPs)
             Began as a Draconian Wizard on Nov 14, 2013.
             Slain by Crazy Yiuf
             ... wielding a +2,+2 quarterstaff of chaos
              (8 damage)
             ... on Level 2 of the Dungeon.
             The game lasted 00:06:12 (1611 turns).

Inkie the Ruinous (Draconian Wizard)                Turns: 1611, Time: 00:06:12

HP  -3/24        AC  5     Str  9      XL: 3   Next: 26%
MP   4/9         EV 11     Int 19      God:
Gold 119         SH  0     Dex  9      Spells:  1 memorised,  7 levels left

Res.Fire  : . . .   See Invis. : .   (no weapon)
Res.Cold  : . . .   Warding    : .   (armour unavailable)
Life Prot.: . . .   Conserve   : .   (no shield)
Res.Poison: .       Res.Corr.  : .   b - +0 wizard hat
Res.Elec. : .       Clarity    : .   (no cloak)
Sust.Abil.: . .     Spirit.Shd : .   (no gloves)
Res.Mut.  : .       Stasis     : .   (no boots)
Res.Rott. : .       Flight     : .   (no amulet)
Saprovore : . . .                    (no ring)
                                     (no ring)

@: drained, not resistant to hostile enchantments, unstealthy
A: unfitting armour, AC +5
a: no special abilities


You were on level 2 of the Dungeon.
You were hungry.

You visited 1 branch of the dungeon, and saw 2 of its levels.

You collected 119 gold pieces.

Inventory:

Armour
 b - a +0 wizard hat (worn)
Comestibles
 d - 3 bread rations
 m - a pear
Scrolls
 f - a scroll of amnesia {unknown}
 i - a scroll of fear {unknown}
 k - a scroll of magic mapping {unknown}
 p - a scroll of enchant weapon I {unknown}
 q - a scroll of curse jewellery {unknown}
Jewellery
 g - an uncursed ring of wizardry {unknown}
 j - an uncursed ring of sustain abilities {unknown}
Potions
 a - 2 potions of brilliance {unknown}
 e - 2 potions of restore abilities {unknown}
 h - a potion of curing {unknown}
 l - a potion of resistance {unknown}
 n - a potion of poison {unknown}
 o - a potion of flight {unknown}
 r - a potion of paralysis {unknown}
Books
 c - a book of Minor Magic

   Spells                             Type                      Level
   *Magic Dart                        Conjuration                  1
   Blink                              Translocation                2
   Call Imp                           Summoning                    2
   Repel Missiles                     Charms/Air                   2
   Slow                               Hexes                        2
   Conjure Flame                      Conjuration/Fire             3
   Mephitic Cloud                     Conjuration/Poison/Air       3


   Skills:
 - Level 1.7(1.4) Dodging
 - Level 1.7(1.4) Stealth
 - Level 3.0(2.7) Spellcasting
 + Level 3.2(2.9) Conjurations
   Level 1.0(0.7) Summonings
   Level 1.0(0.7) Translocations


You had 7 spell levels left.
You knew the following spells:

 Your Spells              Type           Power        Failure   Level  Hunger
a - Magic Dart            Conj           ##..         6%          1    None


Dungeon Overview and Level Annotations

Branches:
Dungeon (2/16)

Altars:
Yredelemnul

Annotations:
D:2 Crazy Yiuf


Message History

Crazy Yiuf hits you with a quarterstaff of chaos!
Crazy Yiuf burns you.
Casting: Magic Dart
Confirm with . or Enter, or press ? or * to list all spells.
Aiming: Magic Dart
Press: ? - help, Shift-Dir - straight line, f/p - Crazy Yiuf
Aim: Crazy Yiuf, wielding a quarterstaff of chaos and wearing a cloak (heavily wounded)
The magic dart hits Crazy Yiuf.
Crazy Yiuf is severely wounded.
Crazy Yiuf hits you with a quarterstaff of chaos!
* * * LOW HITPOINT WARNING * * *
You feel drained.
* * * LOW HITPOINT WARNING * * *
Crazy Yiuf says, "Aardvark snockshim snockshim!"
Crazy Yiuf screams, "Gnoll koolooloo verde!"
Crazy Yiuf cries, "You leg down broken song, no?"
Crazy Yiuf cries, "You leg down broken song, no?"
An adder comes into view.
Crazy Yiuf hits you with a quarterstaff of chaos!
You die...

##..## #.##..#.#)..
#....# #.......# ....
##...## ####....# ..
#...## #....# #.###
#..#.# ###.# #..#.#
#...# ##..#.#
#...###### ###...#.#
.........# #.g@..#.#
...#####.#####.....#.#
...................#.#
...#####.#########.#.#
..## ##.## #....# .[#
#...# #....# .## #...#
#....# ## #...# ##.#.#
##.## . #)#.#


You could see Crazy Yiuf.

Vanquished Creatures
  An adder (D:2)
  An orc (D:2)
  3 bats
  7 goblins
  4 hobgoblins
  5 giant newts
  4 kobolds
  6 rats
31 creatures vanquished.

Notes
Turn   | Place    | Note
--------------------------------------------------------------
     0 | D:1      | Inkie, the Draconian Wizard, began the quest for the Orb.
     0 | D:1      | Reached XP level 1. HP: 12/12 MP: 5/5
   306 | D:1      | Reached XP level 2. HP: 15/18 MP: 1/7
   987 | D:2      | Found a basalt altar of Yredelemnul.
  1452 | D:2      | Reached XP level 3. HP: 24/24 MP: 7/9
  1578 | D:2      | Noticed Crazy Yiuf
  1611 | D:2      | Slain by Crazy Yiuf

Action                   || total
-------------------------++-------
Melee: Unarmed           ||    12
 Cast: Magic Dart        ||    76
